 Dungeon Crawl Stone Soup version 0.26.1-11-gd32895ea62 (webtiles) character file.

Game seed: 9218808205387580824

72 H0rd4k the Insei (level 4, -4/28 HPs)
             Began as an Octopode Transmuter on July 20, 2021.
             Shot with an arrow by a centaur (8 damage)
             ... on level 3 of the Dungeon.
             The game lasted 00:01:39 (3148 turns).

H0rd4k the Insei (Octopode Transmuter)              Turns: 3148, Time: 00:01:39

Health: -4/28      AC:  2    Str:  9    XL:     4   Next: 26%
Magic:  4/7        EV: 20    Int: 16    God:
Gold:   183        SH:  0    Dex: 17    Spells: 4/8 levels left

rFire    . . .     SeeInvis .     - Unarmed
rCold    . . .     Faith    .   (shield currently unavailable)
rNeg     . . .     Spirit   .   (helmet currently unavailable)
rPois    x         Reflect  .   (no amulet)
rElec    .         Harm     .   (no ring)
rCorr    .         Rampage  .   (no ring)
Will     .....                  (no ring)
Stlth    ++........             (no ring)
HPRegen  0.09/turn              (no ring)
MPRegen  0.10/turn              (no ring)
                                (no ring)
                                (no ring)

@: spider-form (expiring)
A: tiny, almost no armour, stealthy swim, (amphibious), 8 rings, (constrict 8)
a: End Transformation


You were on level 3 of the Dungeon.
You were a venomous arachnid creature.
You visited 1 branch of the dungeon, and saw 3 of its levels.

You collected 183 gold pieces.

Inventory:

Scrolls
 a - 3 scrolls of identify {unknown}
Potions
 b - a potion of curing {unknown}
 c - a potion of flight {unknown}
 d - a potion of heal wounds {unknown}
 e - a potion of ambrosia {unknown}
 f - a potion of resistance {unknown}
 g - a potion of brilliance {unknown}
 h - 3 potions of haste {unknown}


   Skills:
 + Level 1.1 Fighting
 + Level 2.3 Dodging
 - Level 0.1 Stealth
 + Level 4.0 Unarmed Combat
 * Level 2.5 Spellcasting
 * Level 2.4 Transmutations
 * Level 0.2 Poison Magic


You had 4 spell levels left.
You knew the following spells:

 Your Spells              Type           Power        Failure   Level
a - Beastly Appendage     Tmut           18%          19%         1
b - Spider Form           Tmut/Pois      3%           56%         3

Your spell library contained the following spells:

 Spells                   Type           Power        Failure   Level
 Wereblood                Tmut           9%           26%         2
 Animate Skeleton         Necr           4%           41%         1
 Apportation              Tloc           4%           41%         1
 Corona                   Hex            2%           41%         1
 Summon Small Mammal      Summ           8%           41%         1
 Ice Form                 Ice/Tmut       5%           89%         4
 Blade Hands              Tmut           4%           97%         5


Dungeon Overview and Level Annotations

Branches:
Dungeon (3/15)

Altars:
Makhleb
Vehumet


Innate Abilities, Weirdness & Mutations

You cannot wear most types of armour.
You are very stealthy in the water. (Stealth+)
((You are amphibious.))
You can wear up to eight rings at the same time.
((You can use your tentacles to constrict eight enemies at once.))
((Your skin changes colour to match your surroundings (Stealth+).))
((Your rubbery body absorbs attacks. (AC +1, EV +1)))


Message History

The centaur unwields a +0 shortbow.
The centaur hits you. The kobold barely misses you.
You hit the centaur.
The centaur is poisoned.
The centaur is moderately wounded.
You feel sick.
You are no longer poisoned.
The centaur completely misses you. The centaur hits you.
You bite the centaur!
The centaur looks as sick as possible!
The centaur is severely wounded.
Your transformation is almost over.
The kobold barely misses you. The centaur hits you.
* * * LOW HITPOINT WARNING * * *
You hit the centaur but do no damage.
The centaur looks as sick as possible!
The centaur is severely wounded.
The kobold hits you with a +0 short sword.
* * * LOW HITPOINT WARNING * * *
The centaur misses you.
The centaur wields a +0 shortbow.
The centaur shoots an arrow.
The arrow hits you!
You die...

#.# #...<. . ##.# ###)).
#.####... #..# ......#
##... ....#.# ##†...
#...## #####..#..
#Kc.#####.....##..
.########........######..
........s..#######.......
.########..........####..
#### ##...###### #...
.....#..(....$.# #....
.............#.# #.###
............(... #.
..............#. #.
............$.# .
..............#


You could see a centaur (extremely poisoned).

Vanquished Creatures
  2 adders
  An ooze (D:2)
  2 worms (D:2)
  5 orcs (D:3)
  2 giant cockroaches
  4 hobgoblins
  2 jackals (D:2)
  6 bats
  4 frilled lizards
  5 goblins
  5 kobolds
  5 rats
43 creatures vanquished.

Vanquished Creatures (others)
  7 plants (D:2)
7 creatures vanquished.

Grand Total: 50 creatures vanquished

Notes
Turn   | Place    | Note
-------+----------+-------------------------------------------
     0 | D:1      | H0rd4k the Octopode Transmuter began the quest for the Orb.
     0 | D:1      | Reached XP level 1. HP: 13/13 MP: 3/3
   558 | D:1      | Reached XP level 2. HP: 16/18 MP: 5/5
  1196 | D:2      | Reached XP level 3. HP: 18/23 MP: 6/6
  1200 | D:2      | Learned a level 3 spell: Spider Form
  1690 | D:2      | Found a burning altar of Makhleb.
  2856 | D:3      | Found a radiant altar of Vehumet.
  2996 | D:3      | Reached skill level 4 in Unarmed Combat
  2996 | D:3      | Reached XP level 4. HP: 25/28 MP: 7/7
  3135 | D:3      | Noticed a centaur
  3148 | D:3      | Shot with an arrow by a centaur

Illustrated notes

Levels and vault maps discovered:
D:1:      nzn_arrival_settlement, layout_basic
D:2:      layout_basic, lemuel_doored_altar, serial_bayou_ford_a
D:3:      layout_rooms, overflow_temple_1_default,
          nicolae_overflow_crystal_walls

Skill      XL: |  1  2  3 |
---------------+----------+-----
Unarmed Combat | 4 |  4.0
Fighting       | |  1.1
Dodging        | |  2.3
Stealth        | |  0.1
Spellcasting   | |  2.5
Transmutations | |  2.4
Poison Magic   | |  0.2

Action                   |  1- 3 |  4- 6 || total
-------------------------+-------+-------++-------
Melee: Unarmed           |   108 |    19 ||   127
       Constrict         |    25 |     5 ||    30
       Tentacles         |    14 |     2 ||    16
       Kick              |     2 |       ||     2
       Punch             |     3 |     1 ||     4
 Cast: Beastly Appendage |     1 |       ||     1
       Spider Form       |       |     1 ||     1
 Stab: Sleeping          |     6 |     1 ||     7
Armor: Skin              |     6 |     1 ||     7
Dodge: Dodged            |    66 |    16 ||    82
